IL
IOWA CUBS @ GWINNETT BRAVES
09/06/2047
 
TOP OF THE 1ST
Iowa Cubs batting - Pitching for Gwinnett Braves : RHP Howard Wood
Pitching: RHP Howard Wood
Batting: SHB Seung-ho Zhang 0-0: Ball
1-0: Ball
2-0: Foul Ball, location: 2F
2-1: Ground out 1-3 (Groundball, 34S, EV 73.1 MPH)
Batting: RHB Rich Thurman 0-0: Called Strike
0-1: Ball
1-1: Ball
2-1: Foul Ball, location: 2F
2-2: Foul Ball, location: 2F
2-2: Ball
3-2: Foul Ball, location: 2F
3-2: Ground out 3-1 (Groundball, 34, EV 99.4 MPH)
Batting: RHB Francisco Ramirez 0-0: Ball
1-0: Ball
2-0: Called Strike
2-1: Foul Ball, location: 2F
2-2: Strikes out looking
Top of the 1st over - 0 runs, 0 hits, 0 errors, 0 left on base; Iowa 0 - Gwinnett 0
BOTTOM OF THE 1ST
Gwinnett Braves batting - Pitching for Iowa Cubs : LHP Jesse Fields
Pitching: LHP Jesse Fields
Batting: RHB Toki Takeuchi 0-0: Swinging Strike
0-1: Ball
1-1: Called Strike
1-2: Ball
2-2: Ball
3-2: Foul Ball, location: 2F
3-2: Strikes out swinging
Batting: RHB Hieronim Rutkowski 0-0: Called Strike
0-1: Ball
1-1: Ball
2-1: Foul Ball, location: 2F
2-2: Foul Ball, location: 2F
2-2: Foul Ball, location: 2F
2-2: Ground out U3 (Groundball, 13, EV 79.4 MPH)
Batting: RHB Bill Turnbull 0-0: Called Strike
0-1: Swinging Strike
0-2: SINGLE (Line Drive, 8RS, EV 89.4 MPH)
Batting: RHB Jose Ramos 0-0: Swinging Strike
0-1: Called Strike
Bill Turnbull steals 2nd base
0-2: Fly out, F4 (Popup, 4, EV 63.1 MPH)
Bottom of the 1st over - 0 runs, 1 hit, 0 errors, 1 left on base; Iowa 0 - Gwinnett 0
TOP OF THE 2ND
Iowa Cubs batting - Pitching for Gwinnett Braves : RHP Howard Wood
Batting: RHB Lupe Covarrubias 0-0: Ball
1-0: Fly out, F8 (Flyball, 8LM, EV 81.9 MPH)
Batting: LHB Mark Ingram 0-0: Ball
1-0: Swinging Strike
1-1: Called Strike
1-2: Foul Ball, location: 2F
1-2: Ball
2-2: Ball
3-2: Fly out, F5 (Popup, 5D, EV 53.8 MPH)
Batting: RHB Jose Balderrama 0-0: Ball
1-0: Ball
2-0: Foul Ball, location: 2F
2-1: SINGLE (Line Drive, 8LS, EV 108.8 MPH)
Batting: RHB Pat Barton 0-0: Ball
1-0: Fielders Choice at 2nd, 6-4 (Groundball, 6, EV 86.9 MPH)
Top of the 2nd over - 0 runs, 1 hit, 0 errors, 1 left on base; Iowa 0 - Gwinnett 0
BOTTOM OF THE 2ND
Gwinnett Braves batting - Pitching for Iowa Cubs : LHP Jesse Fields
Batting: RHB Mike Meeker 0-0: Called Strike
0-1: Ball
1-1: Foul Ball, location: 2F
1-2: Ball
2-2: Ball
3-2: Fly out, F7 (Line Drive, 78D, EV 94.4 MPH)
Batting: LHB Robby Dann 0-0: Ball
1-0: Fly out, F9 (Flyball, 9LM, EV 110.0 MPH)
Batting: LHB Mark Buchholz 0-0: Ball
1-0: Called Strike
1-1: Foul Ball, location: 2F
1-2: Foul Ball, location: 2F
1-2: Strikes out swinging
Bottom of the 2nd over - 0 runs, 0 hits, 0 errors, 0 left on base; Iowa 0 - Gwinnett 0
TOP OF THE 3RD
Iowa Cubs batting - Pitching for Gwinnett Braves : RHP Howard Wood
Batting: SHB Art Kent 0-0: Called Strike
0-1: Swinging Strike
0-2: Foul Ball, location: 2F
0-2: Ball
1-2: Strikes out swinging
Batting: RHB Khalil Stephens 0-0: Called Strike
0-1: Ball
1-1: Ball
2-1: Foul Ball, location: 2F
2-2: DOUBLE (Line Drive, 89D, EV 108.8 MPH)
Batting: SHB Seung-ho Zhang 0-0: Ball
1-0: Ground out 4-3 (Groundball, 4, EV 87.5 MPH)
Khalil Stephens to third
Batting: RHB Rich Thurman 0-0: Ball
1-0: Ball
2-0: Called Strike
2-1: Ground out 4-3 (Groundball, 4M, EV 105.6 MPH)
Top of the 3rd over - 0 runs, 1 hit, 0 errors, 1 left on base; Iowa 0 - Gwinnett 0
BOTTOM OF THE 3RD
Gwinnett Braves batting - Pitching for Iowa Cubs : LHP Jesse Fields
Batting: RHB Riley Nasiir 0-0: Ball
1-0: Foul Ball, location: 2F
1-1: Called Strike
1-2: Foul Ball, location: 2F
1-2: Foul Ball, location: 2F
1-2: Fly out, F5 (Popup, 5SF, EV 86.9 MPH)
Batting: SHB David Beauchamp 0-0: Called Strike
0-1: Ball
1-1: Ground out 6-3 (Groundball, 56, EV 80.0 MPH)
Batting: RHB Toki Takeuchi 0-0: Ball
1-0: Ball
2-0: Called Strike
2-1: Foul Ball, location: 2F
2-2: Strikes out swinging
Bottom of the 3rd over - 0 runs, 0 hits, 0 errors, 0 left on base; Iowa 0 - Gwinnett 0
TOP OF THE 4TH
Iowa Cubs batting - Pitching for Gwinnett Braves : RHP Howard Wood
Batting: RHB Francisco Ramirez 0-0: Called Strike
0-1: Ball
1-1: Ball
2-1: Ball
3-1: Fly out, F8 (Flyball, 8RXD, EV 104.4 MPH)
Batting: RHB Lupe Covarrubias 0-0: Ball
1-0: Ball
2-0: Called Strike
2-1: Swinging Strike
2-2: Fly out, F8 (Flyball, 8RD, EV 98.8 MPH)
Batting: LHB Mark Ingram 0-0: Called Strike
0-1: Ball
1-1: Ball
2-1: Foul Ball, location: 2F
2-2: Strikes out swinging
Top of the 4th over - 0 runs, 0 hits, 0 errors, 0 left on base; Iowa 0 - Gwinnett 0
BOTTOM OF THE 4TH
Gwinnett Braves batting - Pitching for Iowa Cubs : LHP Jesse Fields
Batting: RHB Hieronim Rutkowski 0-0: Bunt for hit to 23 - play at first, batter OUT! 3-4
Batting: RHB Bill Turnbull 0-0: Ball
1-0: Fly out, F8 (Flyball, 8RM, EV 93.8 MPH)
Batting: RHB Jose Ramos 0-0: Ball
1-0: Foul Ball, location: 2F
1-1: Foul Ball, location: 2F
1-2: Ball
2-2: Ground out 5-3 (Groundball, 56S, EV 80.6 MPH)
Bottom of the 4th over - 0 runs, 0 hits, 0 errors, 0 left on base; Iowa 0 - Gwinnett 0
TOP OF THE 5TH
Iowa Cubs batting - Pitching for Gwinnett Braves : RHP Howard Wood
Batting: RHB Jose Balderrama 0-0: Ball
1-0: Ball
2-0: Foul Ball, location: 2F
2-1: Ground out 6-3 (Groundball, 6, EV 81.9 MPH)
Batting: RHB Pat Barton 0-0: Foul Ball, location: 2F
0-1: Ball
1-1: Ball
2-1: Swinging Strike
2-2: Foul Ball, location: 2F
2-2: Foul Ball, location: 2F
2-2: Foul Ball, location: 2F
2-2: SINGLE (Line Drive, 89S, EV 100.0 MPH)
Batting: SHB Art Kent 0-0: Ball
1-0: Foul Ball, location: 2F
1-1: Foul Ball, location: 2F
1-2: Ball
2-2: Ball
3-2: SINGLE (Line Drive, 9S, EV 103.1 MPH)
Pat Barton to second
Pitching: LHP Danny Frizzell
Batting: RHB Khalil Stephens 0-0: Swinging Strike
0-1: Ball
1-1: Foul Ball, location: 2F
1-2: Ball
2-2: Ball
3-2: Grounds into double play, 4-6-3 (Groundball, 4, EV 105.0 MPH)
Top of the 5th over - 0 runs, 2 hits, 0 errors, 1 left on base; Iowa 0 - Gwinnett 0
BOTTOM OF THE 5TH
Gwinnett Braves batting - Pitching for Iowa Cubs : LHP Jesse Fields
Batting: RHB Mike Meeker 0-0: Called Strike
0-1: Ball
1-1: Ball
2-1: Ground out 4-3 (Groundball, 4M, EV 104.4 MPH)
Batting: LHB Robby Dann 0-0: SINGLE (Groundball, 13S, EV 60.6 MPH) (infield hit)
Batting: LHB Mark Buchholz 0-0: Ball
1-0: Called Strike
1-1: Ball
Robby Dann steals 2nd base (no throw)
2-1: Foul Ball, location: 2F
2-2: SINGLE (Groundball, 6MD, EV 105.0 MPH)
Robby Dann to third
Runner from 3rd tries for Home, SAFE, throw by CF to home
Batting: RHB Riley Nasiir 0-0: Called Strike
0-1: SINGLE (Groundball, 4MD, EV 96.9 MPH)
Mark Buchholz to second
Batting: SHB David Beauchamp 0-0: Called Strike
0-1: Ball
1-1: Ground out 5-3 (Groundball, 56S, EV 86.2 MPH)
Mark Buchholz to third
Riley Nasiir to second
Batting: RHB Toki Takeuchi 0-0: Ground out 5-3 (Groundball, 56, EV 78.8 MPH)
Bottom of the 5th over - 1 run, 3 hits, 0 errors, 2 left on base; Iowa 0 - Gwinnett 1
TOP OF THE 6TH
Iowa Cubs batting - Pitching for Gwinnett Braves : LHP Danny Frizzell
Batting: SHB Seung-ho Zhang 0-0: Ball
1-0: Called Strike
1-1: Ball
2-1: Fly out, F9 (Flyball, 9, EV 85.6 MPH)
Batting: RHB Rich Thurman 0-0: Called Strike
0-1: Ball
1-1: Ball
2-1: Called Strike
2-2: Foul Ball, location: 2F
2-2: Strikes out swinging
Batting: RHB Francisco Ramirez 0-0: Fly out, F7 (Line Drive, 7, EV 106.9 MPH)
Top of the 6th over - 0 runs, 0 hits, 0 errors, 0 left on base; Iowa 0 - Gwinnett 1
BOTTOM OF THE 6TH
Gwinnett Braves batting - Pitching for Iowa Cubs : LHP Jesse Fields
Batting: RHB Hieronim Rutkowski 0-0: Called Strike
0-1: Ball
1-1: Foul Ball, location: 2F
1-2: Ball
2-2: SINGLE (Line Drive, 9S, EV 90.0 MPH)
Pitching: RHP Heriberto Esquivel
Batting: RHB Bill Turnbull 0-0: Ball
1-0: Ball
2-0: Swinging Strike
2-1: SINGLE (Groundball, 6M, EV 105.0 MPH)
Hieronim Rutkowski to second
Runner from 2nd tries for 3rd, OUT! 8-5
Bill Turnbull to second
Batting: RHB Jose Ramos 0-0: Called Strike
0-1: Ball
1-1: Fly out, F7 (Flyball, 78S, EV 80.6 MPH)
Batting: RHB Mike Meeker 0-0: Called Strike
0-1: Ball
1-1: Ground out 5-3 (Groundball, 56, EV 100.0 MPH)
Bottom of the 6th over - 0 runs, 2 hits, 0 errors, 1 left on base; Iowa 0 - Gwinnett 1
TOP OF THE 7TH
Iowa Cubs batting - Pitching for Gwinnett Braves : LHP Danny Frizzell
Pitching: RHP Dustin Deemer
Batting: RHB Lupe Covarrubias 0-0: Foul Ball, location: 2F
0-1: SOLO HOME RUN (Flyball, 78XD, EV 95.0 MPH), Distance : 384 ft
Batting: LHB Mark Ingram 0-0: Ball
1-0: Fly out, F8 (Line Drive, 8RM, EV 95.0 MPH)
Batting: RHB Jose Balderrama 0-0: Ball
1-0: Called Strike
1-1: Ball
2-1: Foul Ball, location: 2F
2-2: Ball
3-2: Base on Balls
Batting: RHB Pat Barton 0-0: Reached on error, E6 (Groundball, 6, EV 87.5 MPH)
Jose Balderrama to second
Batting: SHB Art Kent 0-0: Ball
1-0: Ball
2-0: Foul Ball, location: 2F
2-1: Ball
3-1: Base on Balls
Jose Balderrama to third
Pat Barton to second
Pinch Hitting: LHB Barend van der Kamp 0-0: Fly out, F7 (Flyball, 7LM, EV 81.2 MPH)
Batting: SHB Seung-ho Zhang 0-0: Fly out, F7 (Flyball, 7S, EV 82.5 MPH)
Top of the 7th over - 1 run, 1 hit, 1 error, 3 left on base; Iowa 1 - Gwinnett 1
BOTTOM OF THE 7TH
Gwinnett Braves batting - Pitching for Iowa Cubs : RHP Heriberto Esquivel
Pitching: LHP Bill Esten
Now at SS: Armando Vilano
Pinch Hitting: RHB Jesse Lester 0-0: Ball
1-0: SINGLE (Groundball, 6MS, EV 80.0 MPH) (infield hit)
Batting: LHB Mark Buchholz 0-0: Ball
1-0: Called Strike
1-1: Foul Ball, location: 2F
1-2: Ball
2-2: Foul Ball, location: 2F
2-2: Foul Ball, location: 2F
2-2: Foul Ball, location: 2F
2-2: DOUBLE (Flyball, 8RXD, EV 98.8 MPH)
Jesse Lester to third
Batting: RHB Riley Nasiir 0-0: Ball
1-0: Ball
2-0: Ball
3-0: Called Strike
3-1: Base on Balls
Batting: SHB David Beauchamp 0-0: Ball
1-0: TRIPLE (Line Drive, 8LXD, EV 110.6 MPH)
Jesse Lester scores
Mark Buchholz scores
Riley Nasiir scores
Pitching: RHP Michele Montella
Batting: RHB Toki Takeuchi 0-0: Called Strike
0-1: Ball
1-1: Ball
2-1: Ball
3-1: Called Strike
3-2: Foul Ball, location: 2F
3-2: Foul Ball, location: 2F
3-2: Fly out, F8 (Line Drive, 8LM, EV 106.9 MPH)
Runner from 3rd tags up, OUT at HOME! 8-2
Batting: RHB Hieronim Rutkowski 0-0: Ground out 4-3 (Groundball, 4, EV 82.5 MPH)
Bottom of the 7th over - 3 runs, 3 hits, 0 errors, 0 left on base; Iowa 1 - Gwinnett 4
TOP OF THE 8TH
Iowa Cubs batting - Pitching for Gwinnett Braves : RHP Dustin Deemer
Pitching: RHP Larry Stegall
Now in RF: Luis Cruz
Batting: RHB Rich Thurman 0-0: Fly out, F9 (Flyball, 9, EV 86.2 MPH)
Batting: RHB Francisco Ramirez 0-0: Ball
1-0: Called Strike
1-1: Ball
2-1: Foul Ball, location: 2F
2-2: Ball
3-2: SOLO HOME RUN (Line Drive, 9D, EV 96.2 MPH), Distance : 377 ft
Batting: RHB Lupe Covarrubias 0-0: Ball
1-0: Ball
2-0: Foul Ball, location: 2F
2-1: Ball
3-1: Foul Ball, location: 2F
3-2: Foul Ball, location: 2F
3-2: Foul Ball, location: 2F
3-2: Foul Ball, location: 2F
3-2: SINGLE (Flyball, 9LS, EV 100.0 MPH)
Batting: LHB Mark Ingram 0-0: Foul Ball, location: 2F
0-1: Swinging Strike
0-2: Foul Ball, location: 2F
0-2: Strikes out looking
Batting: RHB Jose Balderrama 0-0: Foul Ball, location: 2F
0-1: Foul Ball, location: 2F
0-2: Strikes out looking
Top of the 8th over - 1 run, 2 hits, 0 errors, 1 left on base; Iowa 2 - Gwinnett 4
BOTTOM OF THE 8TH
Gwinnett Braves batting - Pitching for Iowa Cubs : RHP Michele Montella
Pitching: RHP Julio Arteaga
Batting: RHB Bill Turnbull 0-0: Ball
1-0: Called Strike
1-1: Ball
2-1: Foul Ball, location: 2F
2-2: Ball
3-2: Base on Balls
Batting: RHB Jose Ramos 0-0: Ball
1-0: Swinging Strike
1-1: Ball
2-1: Ball
3-1: Base on Balls
Bill Turnbull to second
Batting: RHB Mike Meeker 0-0: Called Strike
Bill Turnbull is caught stealing 3rd base 2-5
0-1: Called Strike
0-2: Ball
1-2: Foul Ball, location: 2F
1-2: SINGLE (Groundball, 13, EV 90.6 MPH) (infield hit)
Jose Ramos to second
Batting: LHB Luis Cruz 0-0: Called Strike
0-1: Swinging Strike
0-2: SINGLE (Flyball, 7LS, EV 95.6 MPH)
Jose Ramos to third
Mike Meeker to second
Batting: LHB Mark Buchholz 0-0: Ball
1-0: Grounds into fielders choice 3-2 (Groundball, 34, EV 100.0 MPH)
Mike Meeker to third
Luis Cruz to second
Batting: RHB Riley Nasiir 0-0: SINGLE (Groundball, 34D, EV 94.4 MPH)
Mike Meeker scores
Luis Cruz to third
Mark Buchholz to second
Runner from 3rd tries for Home, SAFE, throw by RF to home
Mark Buchholz to third
Riley Nasiir to second
Batting: SHB David Beauchamp 0-0: Foul Ball, location: 2F
0-1: Ball
1-1: Ball
2-1: Ball
3-1: Foul Ball, location: 2F
3-2: Base on Balls
Batting: RHB Toki Takeuchi 0-0: Ball
1-0: Swinging Strike
1-1: Swinging Strike
1-2: Foul Ball, location: 2F
1-2: Strikes out swinging
Bottom of the 8th over - 2 runs, 3 hits, 0 errors, 3 left on base; Iowa 2 - Gwinnett 6
TOP OF THE 9TH
Iowa Cubs batting - Pitching for Gwinnett Braves : RHP Larry Stegall
Batting: RHB Pat Barton 0-0: Fly out, F7 (Flyball, 78M, EV 91.2 MPH)
Batting: SHB Art Kent 0-0: Called Strike
0-1: Foul Ball, location: 2F
0-2: Foul Ball, location: 2F
0-2: Ball
1-2: Strikes out swinging
Batting: RHB Armando Vilano 0-0: Called Strike
0-1: SINGLE (Groundball, 34D, EV 98.8 MPH)
Batting: SHB Seung-ho Zhang 0-0: Called Strike
0-1: Ball
1-1: Foul Ball, location: 2F
1-2: Foul Ball, location: 2F
1-2: Strikes out swinging
Top of the 9th over - 0 runs, 1 hit, 0 errors, 1 left on base; Iowa 2 - Gwinnett 6
Thursday, December 15th , 2022 - OOTP Baseball 23.9 Build 102